[Event "Titled Tuesday Blitz August 16 Early 2022"]
[White "Veiga, Jose Francisco R P Neves"]
[Black "Piesik, Piotr"]
[WhiteFideId "1930087"]
[BlackFideId "1136194"]
[WhiteElo "2273"]
[BlackElo "2221"]
[Result "1/2-1/2"]
[Round "03"]
[TimeControl "180+2"]
[Date "2022.08.18"]
[WhiteClock "0:00:00"]
[BlackClock "0:00:00"]

1. d4 c5 2. d5 e5 3. e4 d6 4. c4 Be7 5. Nc3 Bg5 6. Be2 Bxc1 7. Rxc1 Ne7 8. Nf3 O-O 9. O-O Ng6 10. Qd2 Nf4 11. Rfe1 f5 12. Bf1 a6 13. g3 Ng6 14. Ng5 Qf6 15. Bh3 f4 16. Bxc8 Rxc8 17. Ne6 Nd7 18. Qe2 f3 19. Qe3 Ndf8 20. Ng5 Nd7 21. Nxf3 h6 22. h4 Rf8 23. Kg2 Rab8 24. h5 Nh8 25. a4 Nf7 26. Nh4 Ng5 27. Ng6 Rf7 28. f4 Nh7 29. Rf1 exf4 30. Rxf4 Qg5 31. Rcf1 Nhf6 32. Qe2 Nxh5 33. Rg4 Qd8 34. Rxf7 Kxf7 35. e5 Nxe5 36. Nxe5+ dxe5 37. Qxe5 Nf6 38. Rf4 Qe8 39. Qc7+ Kg8 40. Qxc5 Qe1 41. Qf2 Qc1 42. Ne4 Nxe4 43. Rxe4 Rf8 44. Rf4 Rxf4 45. Qxf4 Qxb2+ 46. Kh3 Qe2 47. Qb8+ Kh7 48. Qxb7 Qh5+ 49. Kg2 Qe2+ 50. Kg1 Qe1+ 51. Kg2 Qe2+ 52. Kg1 Qe1+ 53. Kg2 Qe2+ 1/2-1/2


[Site "https://www.chess.com"]

[Event "Titled Tuesday Blitz August 16 Early 2022"]
[White "Vidonyak, Roman"]
[Black "Bharath Subramaniyam H"]
[WhiteFideId "14100622"]
[BlackFideId "46634827"]
[WhiteElo "2442"]
[BlackElo "2490"]
[Result "0-1"]
[Round "03"]
[TimeControl "180+2"]
[Date "2022.08.18"]
[WhiteClock "0:00:00"]
[BlackClock "0:00:00"]

1. d4 d5 2. c4 c6 3. Nf3 Nf6 4. Nc3 e6 5. e3 Nbd7 6. Bd3 dxc4 7. Bxc4 b5 8. Bd3 Bb7 9. O-O a6 10. b3 c5 11. Ne2 Bxf3 12. gxf3 Bd6 13. Bb2 Qe7 14. Ng3 O-O 15. f4 g6 16. Rc1 cxd4 17. Bxd4 e5 18. fxe5 Nxe5 19. Be2 h5 20. Qd2 h4 21. Nh1 Ne4 0-1


[Site "https://www.chess.com"]

[Event "Titled Tuesday Blitz August 16 Early 2022"]
[White "Vovk, Orest"]
[Black "Jain, Naveen"]
[WhiteFideId "14113490"]
[BlackFideId "5003970"]
[WhiteElo "2203"]
[BlackElo "2036"]
[Result "1-0"]
[Round "03"]
[TimeControl "180+2"]
[Date "2022.08.18"]
[WhiteClock "0:00:00"]
[BlackClock "0:00:00"]

1. h4 d5 2. h5 e5 3. h6 Nxh6 4. d4 e4 5. Bxh6 gxh6 6. e3 Nc6 7. Ne2 Bd6 8. c4 Bd7 9. Nbc3 Nb4 10. Nc1 Qg5 11. Rh5 Nc2+ 12. Kd2 Qg6 13. Kxc2 Bg4 14. Be2 Qxh5 15. Bxg4 Qg5 16. Nxd5 f5 17. Bh5+ Kd7 18. g3 c6 19. Nc3 Bb4 20. Nb3 Bxc3 21. Kxc3 Kc7 22. Qe2 Rhd8 23. c5 b6 24. a4 Rab8 25. Bf7 Qf6 26. Bc4 Rd7 27. Ba6 Rd5 28. Qc4 h5 29. Rh1 Qf7 30. Bb5 cxb5 31. cxb6+ Kxb6 32. a5+ Kb7 33. a6+ Kb6 34. Qb4 Rc8+ 35. Kd2 h4 36. Qa5+ Kc6 37. Rxh4 Qc7 38. Rh6+ Rd6 39. Qc3+ 1-0


[Site "https://www.chess.com"]

[Event "Titled Tuesday Blitz August 16 Early 2022"]
[White "Vrbljanac, Aleksandar"]
[Black "Hess, Robert"]
[WhiteFideId "932817"]
[BlackFideId "2022036"]
[WhiteElo "2309"]
[BlackElo "2557"]
[Result "0-1"]
[Round "03"]
[TimeControl "180+1"]
[Date "2022.08.16"]
[WhiteClock "0:00:18"]
[BlackClock "0:00:16"]

1. e4 g6 2. d4 Bg7 3. Nf3 d6 4. Bc4 a6 5. O-O e6 6. Qe2 Nd7 7. a4 Ne7 8. c3 h6 9. Bf4 b6 10. Nbd2 Bb7 11. Rfe1 g5 12. Bg3 Ng6 13. h3 h5 14. Nf1 g4 15. hxg4 hxg4 16. N3h2 Nf6 17. e5 dxe5 18. dxe5 Nh5 19. Qxg4 Nxg3 20. Qxg3 Qh4 21. Qxh4 Rxh4 22. Bb3 Nxe5 23. g3 Rh3 24. f4 Nd3 25. Re2 O-O-O 26. Rd1 Nc5 27. Rxd8+ Kxd8 28. Bc2 a5 29. b4 axb4 30. cxb4 Bd4+ 31. Ne3 Rxg3+ 32. Kf2 Rxe3 33. Rxe3 Na6 34. b5 Nb4 35. Bd1 Nd5 36. Nf1 Nxf4 37. Bf3 Bxf3 38. Kxf3 Bxe3 39. Nxe3 Nd5 40. Nc4 f6 41. Ke4 Nc3+ 42. Kd4 Nxa4 43. Ne3 Nc5 44. Kc4 Ke7 45. Nc2 e5 46. Nd4 exd4 47. Kxd4 Kd6 48. Kc4 f5 49. Kd4 f4 50. Kc3 f3 51. Kd2 f2 52. Ke2 Ne4 53. Kf1 Kc5 54. Ke2 Kxb5 55. Kf1 Kc4 56. Kg2 Kd3 57. Kf1 b5 58. Kg2 b4 59. Kf1 b3 60. Kg2 b2 61. Kh2 b1=Q 62. Kh3 Qg1 63. Kh4 Qg5+ 64. Kh3 Qg3# 0-1


[Site "https://www.chess.com"]

[Event "Titled Tuesday Blitz August 16 Early 2022"]
[White "Xu, Yi"]
[Black "Tasev, Dejan"]
[WhiteFideId "8605564"]
[BlackFideId "936618"]
[WhiteElo "2471"]
[BlackElo "2253"]
[Result "0-1"]
[Round "03"]
[TimeControl "180+1"]
[Date "2022.08.16"]
[WhiteClock "0:00:07"]
[BlackClock "0:00:09"]

1. e4 c6 2. d4 d5 3. e5 Bf5 4. h4 h6 5. g4 Be4 6. f3 Bg6 7. e6 Qd6 8. Ne2 Qxe6 9. Bh3 Qd6 10. Bf4 Qb4+ 11. Nbc3 Nd7 12. a3 Qb6 13. Bg3 e6 14. Nf4 Bh7 15. Qd2 O-O-O 16. O-O-O Qa5 17. Kb1 Nb6 18. Ncxd5 Rxd5 19. Nxd5 Qxd5 20. Qf4 Bd6 21. Qxd6 Qxd6 22. Bxd6 Nf6 23. g5 Nfd5 24. gxh6 gxh6 25. Rdg1 Nc4 26. Bb4 a5 27. Be1 Kd7 28. Rg7 Ke8 29. Bf1 Nce3 30. Bd3 Bxd3 31. cxd3 b6 32. Rhg1 Kf8 33. Bd2 Nf5 34. R7g4 h5 35. Re4 Ke7 36. Bg5+ Kd6 37. Bf4+ Kd7 38. Be5 f6 39. Bf4 Rh7 40. Bd2 a4 41. Kc2 b5 42. Be1 Nde3+ 43. Kd2 Nd5 44. Bf2 Ke7 45. Rg8 Kd7 46. Re1 Nfe7 47. Ra8 Rg7 48. Rg1 Rxg1 49. Bxg1 Nf5 50. Bf2 Ke7 51. Rh8 Ng7 52. Be3 Kf7 53. Rc8 Ne7 54. Rc7 Nf5 55. Bf2 Ke8 56. Ra7 Kd8 57. Kc3 Nd5+ 58. Kd2 Nde7 59. Kc2 Ke8 60. b3 axb3+ 61. Kxb3 Nd5 62. Rh7 Nf4 63. Kc3 Nd5+ 64. Kd2 Nf4 65. Be3 Nd5 66. Bf2 Nf4 67. Kc3 Nd5+ 68. Kb3 Nf4 69. Kb4 Nxd3+ 70. Ka5 Nxf2 71. Rxh5 Nxd4 72. Kb6 Kd7 73. Rh7+ Kd6 74. h5 Nxf3 75. h6 Ng5 76. Rg7 Nfe4 77. Rc7 c5 78. Kxb5 Kxc7 79. a4 Kb7 80. a5 Ka7 81. Kc6 c4 0-1


[Site "https://www.chess.com"]

[Event "Titled Tuesday Blitz August 16 Early 2022"]
[White "Yedidia, Daniel"]
[Black "Grot, Blazej"]
[WhiteFideId "30905907"]
[BlackFideId "21835845"]
[WhiteElo "2054"]
[BlackElo "1764"]
[Result "1-0"]
[Round "03"]
[TimeControl "180+2"]
[Date "2022.08.18"]
[WhiteClock "0:00:00"]
[BlackClock "0:00:00"]

1. d4 Nf6 2. c4 e6 3. Nc3 Bb4 4. e3 O-O 5. Bd3 d5 6. Nf3 c5 7. O-O Nc6 8. dxc5 Bxc5 9. cxd5 Nxd5 10. Ne4 Be7 11. b3 b6 12. Bb2 Bb7 13. Rc1 Rc8 14. a3 Nf6 15. Ng3 h6 16. Qe2 Qc7 17. Rfd1 Qb8 18. e4 Rfd8 19. e5 Nd5 20. Qe4 g6 21. Qg4 Kh7 22. h4 Kg7 23. Qe4 h5 24. Nxh5+ Kh7 25. Ng3 Na5 26. h5 Nc3 27. hxg6+ Kg7 28. Nh5+ 1-0


[Site "https://www.chess.com"]

[Event "Titled Tuesday Blitz August 16 Early 2022"]
[White "Yeletsky, Ivan"]
[Black "Taboas Rodriguez, Daniel"]
[WhiteFideId "24180327"]
[BlackFideId "2208466"]
[WhiteElo "2293"]
[BlackElo "2429"]
[Result "0-1"]
[Round "03"]
[TimeControl "180+1"]
[Date "2022.08.16"]
[WhiteClock "0:00:04"]
[BlackClock "0:00:26"]

1. Nf3 Nf6 2. g3 b6 3. d3 Bb7 4. e4 g6 5. Bg2 Bg7 6. O-O O-O 7. c4 c5 8. Nc3 Nc6 9. a3 Ne8 10. Bg5 Nc7 11. Rb1 Ne6 12. Bd2 Ned4 13. b4 d6 14. b5 Nxf3+ 15. Bxf3 Nd4 16. Bg2 e6 17. a4 a5 18. Ne2 Qd7 19. Nxd4 Bxd4 20. Bh6 Rfe8 21. Qg4 f5 22. exf5 exf5 23. Qh3 Re2 24. Bf4 Rae8 25. Bxb7 Qxb7 26. Qg2 Qxg2+ 27. Kxg2 R8e6 28. h4 Kf7 29. Bg5 Ra2 30. Bd8 d5 31. cxd5 Rd6 32. Bc7 Rxd5 33. Bxb6 Rxa4 34. Bc7 Be5 35. b6 Rb4 36. Rfe1 Bd6 37. Rbc1 Rxd3 38. Red1 Rxd1 39. Rxd1 Be7 40. Kf3 Ke6 41. Re1+ Kd7 42. Rd1+ Kc6 43. Re1 Re4 44. Rxe4 fxe4+ 45. Kxe4 a4 46. Kd3 a3 47. Kc2 c4 48. Kb1 c3 49. Be5 Bb4 50. Bd4 h5 51. f3 Ba5 52. Ka2 c2 53. Be3 Bxb6 54. Bc1 Bc5 55. g4 Kd5 56. Kb3 Kd4 57. Kxc2 Kc4 58. Bg5 Bd4 0-1


[Site "https://www.chess.com"]

[Event "Titled Tuesday Blitz August 16 Early 2022"]
[White "Yuan, Qingyu"]
[Black "Al-Tarboush, Ward"]
[WhiteFideId "8609772"]
[BlackFideId "7601450"]
[WhiteElo "2359"]
[BlackElo "2234"]
[Result "1-0"]
[Round "03"]
[TimeControl "180+2"]
[Date "2022.08.18"]
[WhiteClock "0:00:00"]
[BlackClock "0:00:00"]

1. e4 e6 2. d4 d5 3. e5 c5 4. c3 Nc6 5. Nf3 Qb6 6. Bd3 cxd4 7. O-O Nge7 8. Re1 Bd7 9. h4 h6 10. h5 a6 11. Nbd2 dxc3 12. bxc3 Nf5 13. Rb1 Qa7 14. Nb3 Be7 15. Bxf5 exf5 16. Nfd4 O-O 17. Qf3 Nxd4 18. Nxd4 Rac8 19. Bd2 Bc5 20. Nxf5 Bxf5 21. Qxf5 b5 22. Re2 Qe7 23. g3 Qe6 24. Qf3 Ba7 25. Kg2 Rc4 26. Rd1 Rd8 27. Bc1 Bc5 28. Bf4 Be7 29. Red2 Re4 30. Rd4 Rxd4 31. Rxd4 Bc5 32. Rd1 Ba7 33. Be3 Bb8 34. Bd4 1-0


[Site "https://www.chess.com"]

[Event "Titled Tuesday Blitz August 16 Early 2022"]
[White "Yurasova, Daria"]
[Black "Winkels, Marcel"]
[WhiteFideId "34146919"]
[BlackFideId "1003887"]
[WhiteElo "2021"]
[BlackElo "1900"]
[Result "1-0"]
[Round "03"]
[TimeControl "180+2"]
[Date "2022.08.18"]
[WhiteClock "0:00:00"]
[BlackClock "0:00:00"]

1. d4 Nf6 2. Bg5 d5 3. Bxf6 gxf6 4. e3 Bg7 5. g3 O-O 6. Bg2 c6 7. Ne2 e5 8. c3 Na6 9. Nd2 Nc7 10. O-O Be6 11. b4 Qd7 12. a4 Rfe8 13. Rb1 a6 14. Qc2 Bf5 15. e4 dxe4 16. Bxe4 Bg6 17. Rfd1 f5 18. Bg2 exd4 19. Nxd4 Bxd4 20. cxd4 Qxd4 21. Nf3 Qf6 22. Qc5 f4 23. Rbc1 fxg3 24. hxg3 Nd5 25. b5 axb5 26. axb5 Ra3 27. bxc6 Rxf3 28. Bxf3 Qxf3 29. Qxd5 Be4 30. Qxe4 Qxe4 31. c7 Qe7 32. c8=Q Rxc8 33. Rxc8+ Kg7 34. Rcd8 b5 35. R8d7 Qe6 36. Rb7 Qc4 37. Rdd7 b4 38. Rdc7 Qd5 39. Rxb4 Qd1+ 40. Kh2 Qf3 41. Rc2 Qh5+ 42. Rh4 Qf5 43. Rhc4 Qh5+ 44. Kg2 Qd5+ 45. f3 Qe6 46. Re4 Qd5 47. Rce2 Qb3 48. Rg4+ Kf6 49. Rf4+ Kg7 50. Rfe4 Qa2 51. Rxa2 1-0


[Site "https://www.chess.com"]

[Event "Titled Tuesday Blitz August 16 Early 2022"]
[White "Zaksaite, Salomeja"]
[Black "Araujo Sanchez, Josue"]
[WhiteFideId "12801496"]
[BlackFideId "6416896"]
[WhiteElo "1953"]
[BlackElo "2374"]
[Result "0-1"]
[Round "03"]
[TimeControl "180+2"]
[Date "2022.08.18"]
[WhiteClock "0:00:00"]
[BlackClock "0:00:00"]

1. e4 c5 2. Nf3 d6 3. d4 cxd4 4. Nxd4 Nf6 5. Nc3 a6 6. Bd3 e5 7. Nde2 Be7 8. O-O O-O 9. h3 Nbd7 10. f4 b5 11. a3 Bb7 12. Be3 Rc8 13. Qe1 Nc5 14. Rd1 Qc7 15. Ng3 Rfe8 16. fxe5 dxe5 17. Nf5 Bf8 18. Bg5 Re6 19. Nh6+ Kh8 20. Bxf6 gxf6 21. Qh4 Bxh6 22. Qxh6 f5 23. Qh5 f4 24. Nd5 Qd8 25. Qxf7 Rg6 26. b4 Qg5 27. Rf2 Rg7 28. Qf6 Qxf6 29. Nxf6 Ne6 30. Nd5 Rd8 31. c4 Nd4 32. cxb5 axb5 33. Bb1 Bxd5 34. exd5 Rxd5 35. Ba2 Rdd7 36. Rc1 h5 37. Rc8+ Kh7 38. Bb1+ Kh6 39. h4 Rg4 40. Rh8+ Kg7 41. Rxh5 Re7 42. Rg5+ Rxg5 43. hxg5 e4 44. Rxf4 Ne2+ 45. Kf2 Nxf4 0-1


[Site "https://www.chess.com"]

[Event "Titled Tuesday Blitz August 16 Early 2022"]
[White "Zanette, Edgard Vinicius"]
[Black "Korsunsky, Yuri"]
[WhiteFideId "2109263"]
[BlackFideId "14102722"]
[WhiteElo "2182"]
[BlackElo "2394"]
[Result "1-0"]
[Round "03"]
[TimeControl "180+2"]
[Date "2022.08.18"]
[WhiteClock "0:00:00"]
[BlackClock "0:00:00"]

1. e4 d6 2. d4 Nf6 3. Nc3 g6 4. f3 a6 5. Be3 b5 6. a3 h5 7. h4 Bg7 8. Qd2 Bb7 9. Nh3 Nbd7 10. Nf2 c5 11. dxc5 dxc5 12. Rd1 Qc7 13. Bf4 Ne5 14. Nd3 Nxd3+ 15. Bxd3 Qb6 16. Qf2 O-O 17. O-O Rac8 18. e5 Nd5 19. Nxd5 Bxd5 20. Bg3 Rfd8 21. Rfe1 Qc6 22. f4 e6 23. Bf1 Bf8 24. Kh2 c4 25. c3 Bc5 26. Qc2 Qb6 27. Be2 Kg7 28. Rf1 Qb7 29. Bf3 Bxf3 30. Rxf3 Bb6 31. Rff1 a5 32. Rd6 Rxd6 33. exd6 Rd8 34. f5 exf5 35. Re1 Qd5 36. Re7 Qd3 37. Be5+ Kg8 38. Qc1 Be3 39. Qe1 f4 40. d7 Qf5 41. Re8+ Kh7 42. Rxd8 Qxe5 43. Kh1 Qd5 44. Qe2 Kg7 45. a4 Bb6 46. Rb8 Qxd7 47. Rxb6 Qc7 48. Rxb5 Qe7 49. Qe5+ Qxe5 50. Rxe5 1-0


[Site "https://www.chess.com"]

[Event "Titled Tuesday Blitz August 16 Early 2022"]
[White "Zemlyanskii, Ivan"]
[Black "Babazada, Khazar"]
[WhiteFideId "24249971"]
[BlackFideId "13413554"]
[WhiteElo "1879"]
[BlackElo "2409"]
[Result "0-1"]
[Round "03"]
[TimeControl "180+1"]
[Date "2022.08.16"]
[WhiteClock "0:00:13"]
[BlackClock "0:00:06"]

1. d4 Nf6 2. c4 g6 3. Nf3 Bg7 4. Nc3 O-O 5. e4 d6 6. Be2 a5 7. O-O Na6 8. h3 e5 9. Be3 exd4 10. Nxd4 Re8 11. Bf3 Nc5 12. Qc2 c6 13. Rfe1 Qc7 14. Rad1 a4 15. Bf4 Nfd7 16. Bh2 Ne5 17. Be2 Qb6 18. Nf3 Nxf3+ 19. Bxf3 Be5 20. Be2 a3 21. b3 Ne6 22. Rxd6 Bxh2+ 23. Kxh2 Qxf2 24. Rf1 Qc5 25. Qd2 Qe5+ 26. Kg1 Ng5 27. Bf3 Qg3 28. Ne2 Nxh3+ 29. Kh1 Nf2+ 30. Kg1 Nh3+ 31. Kh1 Qh4 32. gxh3 Bxh3 33. Kg1 Bxf1 34. Kxf1 Rad8 35. e5 Qe7 36. c5 Ra8 37. Rd8 Raxd8 0-1


[Site "https://www.chess.com"]

[Event "Titled Tuesday Blitz August 16 Early 2022"]
[White "Zhurbinsky, David"]
[Black "Wagner, Dennis"]
[WhiteFideId "2072904"]
[BlackFideId "24650684"]
[WhiteElo "2536"]
[BlackElo "2355"]
[Result "1/2-1/2"]
[Round "03"]
[TimeControl "180+1"]
[Date "2022.08.16"]
[WhiteClock "0:00:16"]
[BlackClock "0:00:25"]

1. e4 e5 2. Nf3 Nc6 3. Bb5 a6 4. Ba4 d6 5. O-O Bd7 6. c3 g6 7. d4 Bg7 8. Bg5 Nf6 9. Nbd2 h6 10. Bh4 O-O 11. Bxc6 Bxc6 12. dxe5 dxe5 13. Nxe5 Bxe4 14. Nxe4 Qxd1 15. Nxf6+ Bxf6 16. Raxd1 Bxh4 17. Rd7 Rae8 18. Nf3 Re7 19. Rfd1 Rxd7 20. Rxd7 Rd8 21. Rxd8+ Bxd8 22. Kf1 f5 23. Ke2 Bf6 24. Kd3 Kf7 25. Nd4 b5 26. Nc6 Ke6 27. Nb4 a5 28. Nc6 a4 29. Nd4+ Bxd4 30. Kxd4 Kd6 31. b4 axb3 32. axb3 c5+ 33. Kd3 Ke5 34. c4 b4 35. g3 f4 36. g4 h5 37. gxh5 gxh5 38. h4 Kf5 39. f3 Ke5 40. Ke2 Kd4 41. Kd2 Ke5 42. Kd3 Kf5 43. Ke2 Kf6 44. Kd3 Ke5 45. Ke2 Kd4 46. Kd2 Ke5 47. Kd3 Kf5 48. Ke2 Ke5 49. Kd3 1/2-1/2


[Site "https://www.chess.com"]

[Event "Titled Tuesday Blitz August 16 Early 2022"]
[White "Zia, Tahsin Tajwar"]
[Black "Beerdsen, Thomas"]
[WhiteFideId "10211888"]
[BlackFideId "1030108"]
[WhiteElo "1800"]
[BlackElo "2567"]
[Result "0-1"]
[Round "03"]
[TimeControl "180+1"]
[Date "2022.08.16"]
[WhiteClock "0:00:14"]
[BlackClock "0:01:30"]

1. d4 d5 2. c4 Nc6 3. Nf3 Bg4 4. cxd5 Bxf3 5. gxf3 Qxd5 6. e3 e5 7. Nc3 Bb4 8. Bd2 Bxc3 9. bxc3 Qd7 10. Rb1 O-O-O 11. Qb3 b6 12. Ba6+ Kb8 13. Bb5 Nge7 14. Qa4 exd4 15. cxd4 Qf5 16. Ke2 Qe6 17. Bc3 Nd5 18. Bd2 Nxe3 19. fxe3 Nxd4+ 20. Kf2 Nxb5 21. Rhd1 Rxd2+ 22. Rxd2 Nc3 23. Qb3 Nxb1 24. Qxb1 Re8 25. e4 Qh6 26. Qd1 Qxh2+ 27. Ke3 Qh6+ 28. Kf2 Qh4+ 29. Ke3 f5 30. Qa4 Qg5+ 31. Ke2 Qh5 32. Rd4 fxe4 33. Rxe4 Rxe4+ 34. Qxe4 a5 35. Qc6 Qe5+ 36. Kf1 h5 37. a4 h4 38. Kg2 Qg3+ 39. Kh1 h3 40. Qe8+ Ka7 41. Qe2 Qg2+ 42. Qxg2 hxg2+ 43. Kxg2 b5 44. axb5 a4 45. Kf2 a3 46. Ke2 a2 47. Kd2 0-1


[Site "https://www.chess.com"]

[Event "Titled Tuesday Blitz August 16 Early 2022"]
[White "Zlatin, Alexander"]
[Black "Samunenkov, Ihor"]
[WhiteFideId "2810549"]
[BlackFideId "14187086"]
[WhiteElo "2228"]
[BlackElo "2441"]
[Result "0-1"]
[Round "03"]
[TimeControl "180+2"]
[Date "2022.08.18"]
[WhiteClock "0:00:00"]
[BlackClock "0:00:00"]

1. d4 Nf6 2. Nc3 e6 3. Bf4 d5 4. e3 Bb4 5. Bd3 c5 6. dxc5 Nbd7 7. Nf3 Nxc5 8. O-O O-O 9. Nb5 a6 10. Nbd4 Nce4 11. c3 Bd6 12. Ne5 Qc7 13. Ndf3 Nh5 14. Bxe4 dxe4 15. Ng5 Nxf4 16. exf4 f6 17. Nxe4 Rd8 18. Nc4 Qxc4 19. Nxd6 Qc7 20. Ne4 Rxd1 21. Raxd1 b5 22. Rfe1 Bb7 23. Ng3 Rd8 24. Rc1 Qxf4 25. Ne2 Qg4 26. f3 Bxf3 27. Ng3 Rd2 0-1


[Site "https://www.chess.com"]

[Event "Titled Tuesday Blitz August 16 Early 2022"]
[White "Zou, Chen"]
[Black "Paravyan, David"]
[WhiteFideId "8610959"]
[BlackFideId "4194985"]
[WhiteElo "2276"]
[BlackElo "2569"]
[Result "1/2-1/2"]
[Round "03"]
[TimeControl "180+1"]
[Date "2022.08.16"]
[WhiteClock "0:00:11"]
[BlackClock "0:00:13"]

1. e4 e5 2. Nf3 Nf6 3. Nxe5 d6 4. Nf3 Nxe4 5. d4 d5 6. Bd3 Bd6 7. O-O O-O 8. c4 c6 9. Nc3 Nxc3 10. bxc3 dxc4 11. Bxc4 Bg4 12. h3 Bh5 13. g4 Bg6 14. Ne5 b5 15. Bb3 Nd7 16. Nxg6 hxg6 17. a4 a5 18. Qf3 Rc8 19. Be3 Nf6 20. Rfe1 Bc7 21. Rad1 Qd6 22. Kf1 Bb8 23. c4 bxc4 24. Bxc4 Nd5 25. Bd2 Nb4 26. Bxb4 Qxb4 27. Qb3 Bd6 28. Qxb4 Bxb4 29. Re4 Rfd8 30. Ke2 Kf8 31. Rd3 Re8 32. Rxe8+ Rxe8+ 33. Re3 Rd8 34. Kd3 Bc5 35. Re4 f5 36. gxf5 gxf5 37. Re5 Bxd4 38. Rxf5+ Bf6+ 39. Ke2 Rd4 40. Bb3 Rb4 41. Bc2 Rc4 42. Bb3 Rb4 43. Bc2 Rc4 44. Bb3 Rc3 45. Bd1 c5 46. Kd2 Rc4 47. Bb3 Rb4 48. Bd1 Rd4+ 49. Ke2 Re4+ 50. Kd3 Rd4+ 51. Ke2 c4 52. Rxa5 c3 53. Rc5 Rd2+ 54. Ke1 Bd4 55. Rc8+ Ke7 56. Bb3 Bxf2+ 57. Kf1 Bd4 58. a5 Rb2 59. Bd1 Ra2 60. Rc4 Bf6 61. Ba4 Kd6 62. a6 c2 63. Bxc2 Rxa6 64. Bf5 Ra3 65. Bg4 Ke5 66. Rc2 Kf4 67. Ke2 Bd4 68. Rc4 Ke5 69. Rc8 Kf4 70. Rd8 Bf6 71. Rc8 Kg3 72. Rc4 Ra2+ 73. Kd3 Ra5 74. Rc8 Re5 75. Kd4 Kf4 76. Kc4 Re4+ 77. Kb5 Re3 78. Kc4 Rc3+ 79. Kb5 Rg3 80. Rc4+ Kg5 81. Rc5+ Kf4 82. Rc4+ Ke5 83. Rc5+ Kd6 84. Rc6+ Kd5 85. Rc2 Rb3+ 86. Ka4 Rb8 87. Bf3+ Kd4 88. Bg4 Be5 89. Rc8 Rb2 90. Ka5 Bd6 91. Ka4 Rb4+ 92. Ka5 Rb2 93. Be6 Be5 94. Rc4+ Ke3 95. Rc6 Bf6 96. Bg4 Kf4 97. Ka6 Kg3 98. Rb6 Rxb6+ 99. Kxb6 Bh4 100. Kc6 g5 101. Kd5 Kf4 102. Kc6 Kg3 103. Kd5 Kf4 104. Kc6 Kg3 1/2-1/2


[Site "https://www.chess.com"]

[Event "Titled Tuesday Blitz August 16 Early 2022"]
[White "Acosta Cruz, Oscar Yosimar"]
[Black "Senthil Maran K"]
[WhiteFideId "5111269"]
[BlackFideId "25035681"]
[WhiteElo "2147"]
[BlackElo "2124"]
[Result "0-1"]
[Round "04"]
[TimeControl "180+2"]
[Date "2022.08.18"]
[WhiteClock "0:00:00"]
[BlackClock "0:00:00"]

1. b3 d5 2. e3 Nf6 3. Bb2 Bf5 4. Nf3 e6 5. c4 c6 6. Be2 Nbd7 7. O-O Bd6 8. d4 Qc7 9. Nbd2 h6 10. Rc1 O-O 11. h3 a5 12. a4 Rfe8 13. Re1 Rad8 14. Bf1 Bb4 15. Bc3 e5 16. dxe5 Bxc3 17. Rxc3 Nxe5 18. Nxe5 Qxe5 19. Rc1 dxc4 20. Bxc4 Ne4 21. Re2 Nc3 22. Qe1 Nxe2+ 23. Qxe2 Qb2 24. Nf3 Qxc1+ 0-1


[Site "https://www.chess.com"]

[Event "Titled Tuesday Blitz August 16 Early 2022"]
[White "Ajay Krishna, S"]
[Black "Ziatdinov, Raset"]
[WhiteFideId "5096430"]
[BlackFideId "2015323"]
[WhiteElo "2247"]
[BlackElo "2220"]
[Result "0-1"]
[Round "04"]
[TimeControl "180+2"]
[Date "2022.08.18"]
[WhiteClock "0:00:00"]
[BlackClock "0:00:00"]

1. e4 e6 2. d4 d5 3. Nc3 Nf6 4. e5 Nfd7 5. f4 c5 6. Nf3 Nc6 7. Be3 a6 8. Qd2 b5 9. dxc5 Bxc5 10. Bxc5 Nxc5 11. Bd3 Bb7 12. O-O Nxd3 13. cxd3 O-O 14. Kh1 Rc8 15. Rac1 f6 16. exf6 Qxf6 17. g3 Nd4 18. Nxd4 Qxd4 19. Ne2 Qa4 20. d4 Qxa2 21. Nc3 Qb3 22. Qe2 Rfe8 23. Kg1 Qc4 24. Qe3 Qb4 25. Rf2 Rc4 26. Rd1 a5 27. f5 Qe7 28. Re1 b4 29. Na4 e5 30. dxe5 Re4 31. Qc1 Rxe1+ 32. Qxe1 Qxe5 33. Qxe5 Rxe5 34. Rf4 Bc6 35. Nc5 d4 36. Nb3 d3 37. Rd4 Re1+ 38. Kf2 Re2+ 39. Kf1 Bg2+ 40. Kg1 Bh3 41. Rxd3 Rg2+ 42. Kh1 Rxb2 43. Kg1 a4 44. Nd2 a3 45. Ne4 a2 46. Rd8+ Kf7 47. Ra8 Rb1+ 48. Kf2 a1=Q 49. Rxa1 Rxa1 50. Ng5+ Kf6 51. Nxh3 b3 52. Nf4 b2 53. Nd5+ Kxf5 54. Nc3 b1=Q 55. Nxb1 Rxb1 56. Kg2 Rb2+ 57. Kh3 Kg5 58. g4 Rb3+ 59. Kg2 Kxg4 60. Kh1 Kh3 61. Kg1 Rb2 62. Kf1 Kxh2 63. Ke1 Kg3 64. Kd1 Rg2 65. Kc1 h5 66. Kd1 h4 67. Ke1 h3 68. Kf1 h2 0-1


[Site "https://www.chess.com"]

[Event "Titled Tuesday Blitz August 16 Early 2022"]
[White "Al-Tarboush, Ward"]
[Black "Petrova, Irina"]
[WhiteFideId "7601450"]
[BlackFideId "14124122"]
[WhiteElo "2234"]
[BlackElo "2021"]
[Result "0-1"]
[Round "04"]
[TimeControl "180+2"]
[Date "2022.08.18"]
[WhiteClock "0:00:00"]
[BlackClock "0:00:00"]

1. e4 d6 2. d4 Nf6 3. Nc3 e5 4. Nf3 Nbd7 5. Bc4 Be7 6. O-O O-O 7. Re1 c6 8. a4 exd4 9. Qxd4 Ne5 10. Nxe5 dxe5 11. Qxe5 Ng4 12. Qh5 Qd4 13. Bxf7+ Rxf7 14. Be3 Nxe3 15. fxe3 Qf6 16. Rf1 Qg6 17. Qe5 Rxf1+ 18. Rxf1 Be6 19. Nd5 cxd5 20. exd5 Rf8 21. Rxf8+ Bxf8 22. dxe6 Qf6 23. Qd5 Qe7 24. c4 Kh8 25. h3 h6 26. Kf1 Qb4 27. Qe4 Qxb2 28. Qf5 Qf6 29. e4 Qxf5+ 30. exf5 Bc5 31. Ke2 Kg8 32. Kf3 Kf8 33. Ke4 Ke7 34. Kd5 Bf2 35. g4 a5 36. c5 Be3 37. c6 bxc6+ 38. Kxc6 Bd2 39. Kb5 g6 40. Kb6 gxf5 41. gxf5 Bb4 42. Kc6 Bc3 43. h4 h5 44. Kb5 Bb4 45. Kb6 Kf6 46. Kb5 Kxf5 47. e7 Bxe7 48. Kxa5 Bxh4 0-1


[Site "https://www.chess.com"]

[Event "Titled Tuesday Blitz August 16 Early 2022"]
[White "Alexikov, Alexander"]
[Black "Kiseljova, Marya"]
[WhiteFideId "14103958"]
[BlackFideId "4155009"]
[WhiteElo "2253"]
[BlackElo "1697"]
[Result "1-0"]
[Round "04"]
[TimeControl "180+2"]
[Date "2022.08.18"]
[WhiteClock "0:00:00"]
[BlackClock "0:00:00"]

1. e4 c5 2. Nf3 Nc6 3. Bb5 g6 4. O-O Bg7 5. Re1 Nf6 6. c3 O-O 7. h3 d5 8. e5 Nd7 9. d4 a6 10. Bf1 b5 11. a3 Bb7 12. Be3 c4 13. Nbd2 a5 14. Bg5 b4 15. e6 fxe6 16. Rxe6 Nf6 17. Ne5 Nxe5 18. Rxe5 h6 19. Bh4 g5 20. Bg3 bxc3 21. bxc3 Nd7 22. Re3 e5 23. dxe5 Qe7 24. Rb1 Nc5 25. Nf3 Rae8 26. Nd4 Bc8 27. Rb5 Ne4 28. Rxd5 Bb7 29. Bxc4 Bxd5 30. Bxd5+ Kh8 31. Rxe4 Qd7 32. Bc6 Qf5 33. Qf3 Qxf3 34. gxf3 Rb8 35. Ne6 Rxf3 36. Nxg7 Kxg7 37. Rc4 Rb1+ 38. Kg2 Rf7 39. e6 Re7 40. Be5+ Kg6 41. Be4+ Kh5 42. Bxb1 Rxe6 43. Bg3 Rb6 44. Bf5 a4 45. Rxa4 Rc6 46. Bg4+ Kg6 47. c4 h5 48. Bf3 Rf6 49. Bd5 Rb6 50. Rb4 Ra6 51. a4 h4 52. c5 1-0


[Site "https://www.chess.com"]

[Event "Titled Tuesday Blitz August 16 Early 2022"]
[White "Ansh M Shah"]
[Black "Navarrete Mendez, Gonzalo Alberto"]
[WhiteFideId "25033379"]
[BlackFideId "5106850"]
[WhiteElo "1819"]
[BlackElo "2261"]
[Result "1-0"]
[Round "04"]
[TimeControl "180+2"]
[Date "2022.08.18"]
[WhiteClock "0:00:00"]
[BlackClock "0:00:00"]

1. d4 d5 2. c4 dxc4 3. e3 Nc6 4. Bxc4 e5 5. d5 Na5 6. Qa4+ c6 7. dxc6 Nxc6 8. Nf3 Nf6 9. Nxe5 Qc7 10. Nxf7 Bb4+ 11. Bd2 Bxd2+ 12. Nxd2 Rf8 13. Ng5 Qe5 14. Ngf3 Qh5 15. Be2 Bg4 16. h3 Bd7 17. Qh4 Qg6 18. O-O O-O-O 19. Nc4 Kb8 20. Rad1 Ne4 21. Nce5 Nxe5 22. Nxe5 Qf5 23. Nxd7+ Rxd7 24. Rxd7 Qxd7 25. Qxe4 Qd2 26. Bf3 Qd7 27. Rd1 Qc7 28. Qd4 a6 29. Qd7 Qb6 30. Qxg7 Re8 31. Qd4 Qg6 32. Qf4+ Ka8 33. Rd7 Rb8 34. Qd6 Qb1+ 35. Kh2 Ka7 36. Qc5+ Ka8 37. Qb6 Qf1 38. Rxb7 1-0


[Site "https://www.chess.com"]